AoeStats
← Aragorn

Arabia

510435813Analyzed
1v1 RM · 2d ago on Oct 1, 2026· 42m 7s· 2 players
Game mode
Random Map
Map size
Tiny (2 player)
Population
200
Speed
Normal
Resources
Standard
Victory
Conquest
Starting age
Dark Age
Ending age
Imperial Age
RankedLock teamsTeams togetherTeam positionsShared explorationLock speedFull tech treeHidden civsTurbo modeCheats
Victory
Defeat
🇺🇸 Italians · United States
1182
+15
🇨🇴 Romans · Colombia
1154
-15
Aragorn
7:03 Loom
9:23 Feudal Age
10:27 Feudal Age
10:37 Man-at-Arms
16:45 Fletching
18:46 Padded Archer Armor
23:04 Castle Age
22:39 Scale Mail Armor
22:35 Gold Mining
22:36 Double-Bit Axe
22:38 Horse Collar
23:27 Forging
23:12 Pikeman
25:01 Bow Saw
26:10 Elite Skirmisher
29:13 Bodkin Arrow
29:56 Chain Mail Armor
31:02 Ballistics
37:39 Imperial Age
37:27 Leather Archer Armor
37:37 Squires
38:53 Wheelbarrow
38:56 Iron Casting
40:09 Scale Barding Armor
40:52 Conscription
41:45 Blast Furnace
41:23 Bloodlines
40:35 Cavalier
41:18 Husbandry
41:41 Chain Barding Armor
cptpco
5:03 Loom
9:21 Feudal Age
9:55 Double-Bit Axe
11:50 Horse Collar
21:03 Castle Age
18:58 Fletching
21:05 Crossbowman
23:06 Bodkin Arrow
25:06 Wheelbarrow
25:45 Scale Barding Armor
27:21 Gold Mining
27:54 Husbandry
28:06 Town Watch
29:24 Padded Archer Armor
30:39 Bow Saw
30:33 Heavy Plow
31:17 Forging
32:55 Leather Archer Armor
36:26 Imperial Age
34:36 Bloodlines
35:41 Hand Cart
35:53 Ballistics
36:14 Thumb Ring
36:55 Chain Barding Armor
36:42 Arbalester
38:32 Chemistry
38:50 Conscription
38:03 Cavalier
38:59 Bracer
Connection lost

Rejoining the realm…

Still unreachable

The connection could not be restored.

Session expired

The server has moved on; the page needs a fresh start.